AoeStats
← 极地沙尘暴

Arena

507084718Analyzed
4v4 RM · 15d ago on Sep 16, 2026· 40m 5s· 8 players
Game mode
Random Map
Map size
Large (8 player)
Population
200
Speed
Normal
Resources
Standard
Victory
Conquest
Starting age
Dark Age
Ending age
Imperial Age
RankedLock teamsTeams togetherTeam positionsShared explorationLock speedFull tech treeHidden civsTurbo modeCheats
Victory
Defeat
🇨🇳 Byzantines · China
1433
+13
🇨🇳 Huns · China
1433
+13
🇫🇷 Mongols · France
1389
+15
🇨🇳 Burmese · China
1354
+16
🇹🇼 Khmer · Taiwan
1444
-18
🇹🇼 Koreans · Taiwan
1420
-17
🇭🇰 Poles · Hong Kong SAR China
1314
-12
🇹🇼 Britons · Taiwan
1263
-10
berber.sinan
9:59 Feudal Age
14:07 Castle Age
12:06 Horse Collar
12:17 Double-Bit Axe
12:28 Horse Collar
15:01 Bow Saw
17:42 Wheelbarrow
19:45 Hand Cart
20:54 Loom
21:21 Stone Mining
21:45 Gold Mining
28:23 Imperial Age
27:14 Gold Shaft Mining
26:35 Fletching
27:27 Town Watch
27:43 Bodkin Arrow
28:07 Bloodlines
27:57 Husbandry
28:34 Ballistics
29:20 Stone Shaft Mining
28:47 Padded Archer Armor
29:05 Thumb Ring
30:33 Bracer
31:03 Parthian Tactics
31:03 Conscription
30:09 Capped Ram
32:20 Chemistry
31:34 Elite Mangudai
33:35 Drill
32:47 Siege Ram
34:42 Onager
36:10 Siege Engineers
36:36 Siege Onager
剃刀割猪头
8:05 Loom
10:21 Feudal Age
14:24 Castle Age
12:37 Double-Bit Axe
13:47 Horse Collar
26:08 Imperial Age
23:59 Bow Saw
24:03 Fletching
24:40 Gold Mining
24:48 Bodkin Arrow
25:02 Heavy Plow
26:43 Gold Shaft Mining
25:51 Elite Skirmisher
26:39 Padded Archer Armor
27:16 Bracer
29:59 Conscription
29:08 Pikeman
30:41 Ballistics
30:50 Stone Mining
30:29 Halberdier
32:39 Scale Mail Armor
32:49 Forging
34:03 Wheelbarrow
34:03 Squires
34:25 Chain Mail Armor
35:29 Chemistry
35:54 Leather Archer Armor
36:33 Hand Cart
37:19 Ring Archer Armor
37:20 Plate Mail Armor
39:57 Iron Casting
极地沙尘暴
10:47 Feudal Age
12:03 Double-Bit Axe
14:34 Castle Age
12:49 Horse Collar
15:25 Bow Saw
22:24 Wheelbarrow
22:22 Heavy Plow
24:49 Hand Cart
24:29 Gold Mining
28:44 Imperial Age
25:59 Loom
26:58 Scale Barding Armor
28:08 Chain Barding Armor
28:02 Forging
27:55 Marauders
28:33 Gold Shaft Mining
28:32 Bloodlines
28:22 Husbandry
29:01 Elite Tarkan
30:02 Conscription
30:36 Plate Barding Armor
30:40 Iron Casting
32:45 Blast Furnace
35:10 Two-Man Saw
37:50 Guilds
系色望捏
10:35 Feudal Age
10:58 Loom
14:11 Castle Age
12:31 Horse Collar
13:23 Gold Mining
16:11 Town Watch
17:05 Redemption
17:54 Sanctity
20:39 Fervor
21:36 Pikeman
29:58 Heavy Plow
31:37 Stone Mining
36:52 Imperial Age
35:32 Gold Shaft Mining
35:50 Fletching
36:01 Padded Archer Armor
37:51 Ballistics
38:35 Chemistry
38:08 Conscription
38:36 Bloodlines
38:27 Husbandry
38:54 Parthian Tactics
38:38 Elite Arambai
cccccccccc
9:54 Feudal Age
14:03 Castle Age
13:50 Double-Bit Axe
13:55 Horse Collar
21:43 Bow Saw
24:15 Scale Barding Armor
27:14 Bow Saw
27:05 Heavy Plow
29:21 Chain Barding Armor
30:04 Gold Mining
30:04 Stone Mining
31:05 Crossbowman
31:38 Fletching
31:50 Padded Archer Armor
32:45 Bodkin Arrow
36:14 Leather Archer Armor
BBBBBBBB
10:43 Feudal Age
13:43 Castle Age
11:57 Double-Bit Axe
12:16 Horse Collar
14:40 Bow Saw
15:28 Heavy Plow
21:28 Wheelbarrow
21:17 Loom
22:32 Gold Mining
22:36 Stone Mining
23:23 Hand Cart
24:52 Town Watch
25:53 Gold Shaft Mining
25:40 Bloodlines
25:35 Husbandry
29:08 Imperial Age
26:45 Scale Barding Armor
26:50 Forging
26:56 Bloodlines
27:44 Stone Shaft Mining
28:48 Chain Barding Armor
29:09 Ballistics
29:51 Iron Casting
30:55 Chemistry
29:27 Light Cavalry
30:54 Siege Engineers
30:40 Heavy Scorpion
32:50 Plate Barding Armor
32:06 Fletching
32:49 Fortified Wall
33:32 Double Crossbow
33:52 Conscription
35:58 Hussar
39:33 Bodkin Arrow
劉劉家
10:18 Feudal Age
10:22 Feudal Age
12:20 Double-Bit Axe
15:05 Castle Age
13:11 Horse Collar
16:09 Bow Saw
17:23 Loom
18:37 Wheelbarrow
20:50 Stone Mining
20:54 Gold Mining
23:03 Hand Cart
22:38 Town Watch
28:50 Imperial Age
26:40 Heavy Plow
28:56 Scale Mail Armor
29:06 Forging
30:11 Fletching
32:38 Chemistry
32:43 Chain Mail Armor
32:15 Pikeman
32:55 Squires
33:38 Halberdier
34:53 Plate Mail Armor
35:49 Squires
35:55 Bodkin Arrow
36:55 Iron Casting
39:25 Elite Skirmisher
40:06 Bracer
投矛手愛好者
10:48 Feudal Age
14:36 Castle Age
12:26 Horse Collar
12:42 Double-Bit Axe
15:23 Heavy Plow
15:41 Bow Saw
19:16 Loom
21:03 Light Cavalry
22:32 Bloodlines
22:40 Forging
26:57 Scale Mail Armor
27:07 Scale Barding Armor
31:14 Wheelbarrow
30:25 Town Watch
30:43 Stone Mining
33:52 Hand Cart
Connection lost

Rejoining the realm…

Still unreachable

The connection could not be restored.

Session expired

The server has moved on; the page needs a fresh start.